 Dungeon Crawl Stone Soup version 0.31-a0-851-g7ff8af7976 (webtiles) character file.

Game seed: 10369198778521295614

53 Aneyh the Poker (level 3, -6/23 HPs)
             Began as a Tengu Monk on Oct 6, 2023.
             Killed by divine providence
             ... invoked by an orc priest
              (10 damage)
             ... on level 3 of the Dungeon.
             The game lasted 00:01:42 (1570 turns).

Aneyh the Poker (Tengu Monk)                        Turns: 1570, Time: 00:01:42

Health: -6/23      AC:  2    Str: 13    XL:     3   Next: 89%
Magic:  4/4        EV: 13    Int: 10    God:
Gold:   107        SH:  0    Dex: 16    Spells: 2/2 levels left

rFire   . . .        a - +0 spear
rCold   . . .        (no shield)
rNeg    . . .        b - +0 robe
rPois   .            (helmet restricted)
rElec   .            (no cloak)
rCorr   .            (no gloves)
SInv    .            (boots unavailable)
Will    .....        (no amulet)
Stlth   +            (no ring)
HPRegen 0.23/turn    (no ring)
MPRegen 0.09/turn

%: acrobat
@: confused
A: beak, talons 3, acrobatic
a: no special abilities


You were on level 3 of the Dungeon.
You visited 1 branch of the dungeon, and saw 3 of its levels.

You collected 107 gold pieces.

Inventory:

Hand Weapons
 a - a +0 spear (weapon)
Armour
 b - a +0 robe (worn)
 d - an orb of light
Scrolls
 e - 2 scrolls of teleportation {unknown}
 i - a scroll of fear {unknown}
 k - a scroll of identify {unknown}
 l - a scroll of poison {unknown}
Potions
 c - a potion of ambrosia
 f - 2 potions of degeneration {unknown}
 g - 3 potions of might {unknown}
 h - 2 potions of enlightenment {unknown}
 j - a potion of brilliance {unknown}


   Skills:
 + Level 3.6 Fighting
 + Level 4.1 Polearms
 + Level 3.8 Dodging
 + Level 0.4 Stealth


You had 2 spell levels left.
You didn't know any spells.
Your spell library contained the following spells:

 Spells                   Type           Power      Damage    Failure   Level
 Slow                     Hex            0%         N/A       36%         1
 Confusing Touch          Hex            0%         N/A       75%         3
 Sigil of Binding         Hex            0%         N/A       75%         3
 Vampiric Draining        Necr           0%         2d6       75%         3


Dungeon Overview and Level Annotations

Branches:
Dungeon (3/15)

Altars:


Innate Abilities, Weirdness & Mutations

You have a beak for a mouth.
You have claws for feet.
You can magically evade attacks while moving or waiting.


Message History

You hit the adder.
You kill the adder!
An orc comes into view. It is wielding a +0 hand axe.
A goblin, an orc wizard and an orc come into view.
An orc priest comes into view. It is wielding a +0 falchion.
The orc wizard moves out of view.
The orc wizard casts a spell.
The orc wizard flickers and vanishes!
Deactivating autopickup; reactivate with Ctrl-A.
You hear a shout!
A puff of flame appears from out of thin air!
The puff of flame hits you.
You are confused.
You bump into the rock wall.
A magic dart appears from out of thin air!
The magic dart hits you!
You bump into the rock wall.
You're too confused to move!
Something tries to affect you, but you resist.
You're too confused to move!
You're too confused to move!
You feel less confused.
The orc wizard gestures wildly while chanting.
The orc wizard flickers and vanishes!
Something tries to affect you, but you resist.
An orc wizard appears from thin air!
Reactivating autopickup.
There is a stone staircase leading up here.
The orc wizard casts a spell at you.
You are confused.
The orc wizard casts a spell at you. The puff of flame hits you!
In your confused state, you trip and fall back down the stairs.
* * * LOW HITPOINT WARNING * * *
Unknown command.
The orc wizard hits you with a +0 dagger.
* * * LOW HITPOINT WARNING * * *
The orc priest calls down the wrath of Beogh upon you.
Beogh smites you!
You die...

#. #.# ..# #.. ## ###
#.# .## ...#.###..#####
#.#..o@.......
#....g........
###...........
###.o..#########
####...#### #....###
######.####
#.........#############
###....##..#..........#


You could see an orc priest, an orc wizard and a goblin.

Vanquished Creatures
  An adder (D:3)
  A worm (D:3)
  A dart slug (D:1)
  3 endoplasms (D:2)
  A giant cockroach (D:2)
  6 goblins
  2 hobgoblins
  2 jackals (D:2)
  4 kobolds
  3 quokkas
  2 ball pythons (D:1)
  5 bats
  4 frilled lizards
  5 rats
40 creatures vanquished.

Notes
Turn   | Place    | Note
-------+----------+-------------------------------------------
     0 | D:1      | Aneyh the Tengu Monk began the quest for the Orb.
     0 | D:1      | Reached XP level 1. HP: 14/14 MP: 2/2
    74 | D:1      | Reached XP level 2. HP: 19/19 MP: 3/3
   833 | D:2      | Reached XP level 3. HP: 21/23 MP: 4/4
  1508 | D:3      | Reached skill level 4 in Polearms
  1570 | D:3      | Killed from afar by an orc priest

Illustrated notes

Levels and vault maps discovered:
D:1:      dpeg_arrival_ternary, layout_loops_ring
D:2:      layout_basic, dreamdust_wishing_well
D:3:      layout_rooms, lemuel_zombie_altar_kikubaaqudgha,
          hellmonk_ecumenical_altar_blasted

Skill      XL: |  1  2  3 |
---------------+----------+-----
Polearms       | 4 |  4.1
Fighting       | |  3.6
Dodging        | |  3.8
Stealth        | |  0.4

Action                     || total
---------------------------++-------
  Melee: Spear             ||    91
         Kick              ||    24
         Peck              ||    11
         Punch             ||     1
   Stab: Sleeping          ||     1
 Armour: Robe              ||    24
  Dodge: Dodged            ||    36

Table legend: (Time is in decaauts)
 A = Elapsed time spent in this place.
 B = Non-inter-level travel time spent in this place.
 C = Inter-level travel time spent in this place.
 D = Time resting spent in this place.
 E = Time spent auto-exploring this place.
 F = Levels seen in this place.
 G = Mean time per level.
                   A        B        C        D        E       F      G
               +--------+--------+--------+--------+--------+-----+--------+
         Total |   1562 |   1447 |    115 |     32 |   1099 |   3 |  520.7 |
       Dungeon |   1562 |   1447 |    115 |     32 |   1099 |   3 |  520.7 |
               +--------+--------+--------+--------+--------+-----+--------+

Top non-repeatable levels by time:
     D:2: 850 daAuts
     D:1: 583 daAuts
     D:3: 128 daAuts
